 Dungeon Crawl Stone Soup version 0.20-a0-983-g35de22d (webtiles) character file.

156 AlphabetPasta the Cutter (level 5, -2/33 HPs)
             Began as a Kobold Chaos Knight on Apr 9, 2017.
             Killed by divine providence
             ... invoked by an orc priest
              (12 damage)
             ... on level 3 of the Dungeon.
             The game lasted 00:07:30 (1748 turns).

AlphabetPasta the Cutter (Kobold Chaos Knight)      Turns: 1748, Time: 00:07:31

Health: -2/33      AC:  7    Str: 10    XL:     5   Next: 65%
Magic:  5/5        EV: 12    Int: 13    God:    Xom [....*.]
Gold:   112        SH:  0    Dex: 15    Spells: 4/4 levels left

rFire    . . .     SeeInvis .   a - +1 short sword (chaos)
rCold    . . .     Gourm    .   (shield restricted)
rNeg     . . .     Faith    .   j - +0 scale mail
rPois    .         Spirit   .   (no helmet)
rElec    .         Reflect  .   (no cloak)
rCorr    .         Harm     .   (no gloves)
MR       .....                  k - +0 pair of boots
Stlth    +.........             (no amulet)
Regen    0.2/turn               (no ring)
MPRegen  0.1/turn               (no ring)

@: no status effects
A: carnivore 3
a: Renounce Religion


You were on level 3 of the Dungeon.
You worshipped Xom.
You were a beloved toy of Xom.
You were completely stuffed.

You visited 1 branch of the dungeon, and saw 3 of its levels.

You collected 112 gold pieces.

Inventory:

Hand Weapons
 a - a +1 short sword of chaos (weapon)
 n - a +2 dagger of draining
Missiles
 m - 16 bolts
Armour
 b - a +2 leather armour
 j - a +0 scale mail (worn)
 k - a +0 pair of boots (worn)
 l - a +0 plate armour
Scrolls
 d - 2 scrolls of fear
 e - a scroll of identify
 h - a scroll of enchant weapon
 i - 2 scrolls of enchant armour
Comestibles
 c - a meat ration
 f - a royal jelly
 g - 12 chunks of flesh


   Skills:
 + Level 3.9 Fighting
 * Level 5.8 Short Blades
 + Level 1.7 Armour
 + Level 3.4 Dodging
 + Level 2.0 Stealth


You had 4 spell levels left.
You didn't know any spells.

Dungeon Overview and Level Annotations

Branches:
Dungeon (3/15)

Altars:
Nemelex Xobeh
Xom


Innate Abilities, Weirdness & Mutations

You are small and have problems with some larger weapons.
You are carnivorous and can eat meat at any time.


Message History

An orc priest comes into view.
The orc priest shouts!
The orc priest mumbles some strange prayers to Beogh against you.
Beogh smites you!
A shower of butterflies erupts from you!
An orc comes into view. It is wielding a mace.
The goblin unwields an uncursed hunting sling.
The goblin wields an uncursed dagger.
The goblin misses you.
Found 14 sling bullets.
You closely miss the goblin. The goblin hits you but does no damage.
You puncture the goblin! You burn the goblin.
You kill the goblin!
The orc priest mumbles some strange prayers to Beogh against you.
Pain shoots through your body!
An orc comes into view. It is wielding a hand axe.
You see here a scroll labeled TYQEUS XONASI.
The orc priest calls down the wrath of Beogh upon you.
Beogh smites you!
You die...
Xom howls with laughter!

##+# #.# ##...## #.#
##..)..## ####.#
##....b..## ##.##.#
###...b..b..####...#.###
.b(....b....'...........
.o..>.......####...#.###
#.o...).## ##.##.#
##.o@?.## ####.# ##...##
#.# ##+## #.# #.# #.#


You could see an orc priest, 2 orcs and a bat.

Vanquished Creatures
  A hound (D:3)
  4 adders (D:2)
  3 worms (D:2)
  A dart slug (D:2)
  A leopard gecko (D:2)
  2 orcs (D:3)
  An orc (shapeshifter) (D:1)
  7 bats
  4 giant cockroaches
  7 goblins
  4 hobgoblins
  11 jackals
  13 kobolds
  A quokka (D:2)
  3 ball pythons
  5 frilled lizards
  6 rats
74 creatures vanquished.

Notes
Turn   | Place    | Note
-------+----------+-------------------------------------------
     0 | D:1      | AlphabetPasta the Kobold Chaos Knight began the quest for the Orb.
     0 | D:1      | Reached XP level 1. HP: 14/14 MP: 1/1
    58 | D:1      | Reached XP level 2. HP: 17/19 MP: 2/2
   126 | D:1      | Reached skill level 1 in Stealth
   129 | D:1      | Reached skill level 1 in Armour
   230 | D:1      | Reached XP level 3. HP: 23/23 MP: 3/3
   297 | D:1      | XOM: divination: magic mapping
   320 | D:1      | Found a sparkling altar of Nemelex Xobeh.
   665 | D:2      | Reached XP level 4. HP: 16/28 MP: 4/4
   690 | D:2      | Reached skill level 5 in Short Blades
  1077 | D:2      | Reached XP level 5. HP: 33/33 MP: 5/5
  1429 | D:2      | XOM: scenery: create altars
  1743 | D:3      | XOM: butterfly on damage
  1748 | D:3      | Killed from afar by an orc priest

Vault maps used:
D:1:      minmay_arrival_checkered_box, nemelex_xobeh_ov_fountains_minmay
D:2:      minmay_misc_feat_enclosed
D:3:      uniq_iyjb

Skill      XL: |  1  2  3  4  5 |
---------------+----------------+-----
Stealth        | 1 2 |  2.0
Armour         | 1 |  1.7
Dodging        | 3 |  3.4
Short Blades   | 5 |  5.8
Fighting       | |  3.9

Action                   |  1- 3 |  4- 6 || total
-------------------------+-------+-------++-------
Melee: Short sword       |   111 |   140 ||   251
  Use: Scroll            |     5 |     2 ||     7
       Potion            |     2 |     1 ||     3
 Stab: Sleeping          |     1 |       ||     1
  Eat: Chunk             |     8 |     3 ||    11
Armor: Leather armour    |    34 |    11 ||    45
       Scale mail        |       |    24 ||    24
Dodge: Dodged            |    70 |    76 ||   146
